 Dungeon Crawl Stone Soup version 0.25-a0-681-gdf4e720381 (webtiles) character file.

Game seed: 60547388095595715, levelgen mode: deterministic

1445 DerDa the Firebug (level 8, -1/54 HPs)
             Began as a Demonspawn Fire Elementalist on Mar 30, 2020.
             Was an Initiate of Sif Muna.
             Killed from afar by a steam dragon (16 damage)
             ... with a ball of steam
             ... on level 5 of the Dungeon.
             The game lasted 00:21:07 (5421 turns).

DerDa the Firebug (Demonspawn Fire Elementalist)    Turns: 5421, Time: 00:21:07

Health: -1/54      AC:  9    Str:  8    XL:     8   Next: 46%
Magic:  0/16       EV: 19    Int: 18    God:    Sif Muna [......]
Gold:   64         SH:  0    Dex: 15    Spells: 8/18 levels left

rFire    . . .     SeeInvis .   t - +4 quarterstaff (chaos)
rCold    . . .     Gourm    .   (shield currently unavailable)
rNeg     . . .     Faith    .   a - +0 robe
rPois    .         Spirit   +   (no helmet)
rElec    .         Reflect  .   m - +0 cloak {+Inv}
rCorr    .         Harm     .   (no gloves)
MR       .....                  (no boots)
Stlth    +++++.....             w - amulet of the acrobat
HPRegen  0.18/turn              b - +6 ring of evasion
MPRegen  0.15/turn              (no ring)

@: sanguine armour
A: nightstalker 3, magic shield, sanguine armour 1
a: Renounce Religion, Evoke Invisibility


You were on level 5 of the Dungeon.
You worshipped Sif Muna.
Sif Muna was noncommittal.
You were hungry.

You visited 2 branches of the dungeon, and saw 6 of its levels.

You collected 191 gold pieces.
You spent 127 gold pieces at shops.

Inventory:

Hand Weapons
 t - a +4 quarterstaff of chaos (weapon)
 y - a +1 vorpal flail
Missiles
 h - 44 poisoned darts (quivered)
Armour
 a - a +0 robe (worn)
 m - a +0 cloak of invisibility (worn)
Jewellery
 b - a +6 ring of evasion (left hand)
 w - an amulet of the acrobat (around neck)
Wands
 s - a wand of flame (23)
Scrolls
 e - 2 scrolls of fog
 f - a scroll of magic mapping
 g - 2 scrolls of enchant weapon
 i - 4 scrolls of teleportation
 l - 2 scrolls of enchant armour {unknown}
 n - 2 scrolls of amnesia {unknown}
 p - a scroll of blinking {unknown}
 r - 2 scrolls of fear {unknown}
 v - 2 scrolls of remove curse {unknown}
Potions
 d - 2 potions of curing {unknown}
 j - a potion of berserk rage {unknown}
 k - 2 potions of mutation {unknown}
 o - a potion of stabbing {unknown}
 q - a potion of haste {unknown}
 u - a potion of brilliance {unknown}
 x - a potion of might {unknown}
 z - a potion of degeneration {unknown}
Comestibles
 c - 9 rations
 A - 4 chunks of flesh


   Skills:
 - Level 1.5 Fighting
   Level 1.1 Short Blades
 - Level 1.0(1.3) Maces & Flails
 - Level 1.2(1.5) Staves
 - Level 1.1 Throwing
 - Level 2.5 Dodging
 - Level 3.0 Stealth
 * Level 5.5 Spellcasting
 * Level 4.5 Conjurations
 * Level 5.7 Fire Magic


You had 8 spell levels left.
You knew the following spells:

 Your Spells              Type           Power        Failure   Level  Hunger
a - Foxfire               Conj/Fire      ###.         1%          1    None
b - Sticky Flame          Conj/Fire      ###.....     16%         4    ####...
c - Fireball              Conj/Fire      ###.......   38%         5    #####..

Your spell library contained the following spells:

 Spells                   Type           Power        Failure   Level  Hunger
 Magic Dart               Conj           ###.         1%          1    None
 Conjure Flame            Conj/Fire      ###.....     4%          3    ##.....
 Inner Flame              Hex/Fire       ###.....     12%         3    ##.....
 Animate Skeleton         Necr           N/A          13%         1    None
 Pain                     Necr           #...         13%         1    None
 Blink                    Tloc           N/A          19%         2    None
 Call Imp                 Summ           #.......     19%         2    None
 Slow                     Hex            #.......     19%         2    None
 Mephitic Cloud           Conj/Pois/Air  ##......     21%         3    ##.....
 Vampiric Draining        Necr           #.........   36%         3    ##.....
 Animate Dead             Necr           N/A          77%         4    ####...
 Agony                    Necr           #.......     98%         5    #####..


Dungeon Overview and Level Annotations

Branches:
Dungeon (5/15)             Temple (1/1) D:5

Altars:
Ashenzari
Cheibriados
Dithmenos
Elyvilon
Fedhas
Gozag
Hepliaklqana
Kikubaaqudgha
Makhleb
Nemelex Xobeh
Okawaru
Qazlal
Ru
Sif Muna
Trog
Uskayaw
Vehumet
Wu Jian
Xom
Yredelemnul
Zin
The Shining One

Shops:
D:4 [   D:5 ?


Innate Abilities, Weirdness & Mutations

You are completely attuned to the shadows.
When hurt, damage is shared between your health and your magic reserves.
When seriously injured, your bleeding wounds create armour. (AC +6)


Message History

The fireball engulfs the steam dragon!
The steam dragon is moderately wounded.
You are feeling hungry.
You are engulfed in a cloud of scalding steam.
Your blood congeals into armour.
The fungus is engulfed in a cloud of scalding steam.
The steam dragon breathes steam at you. The ball of steam hits you!
* * * LOW HITPOINT WARNING * * *
The fungus is engulfed in a cloud of scalding steam.
You hit the steam dragon.
You feel better.
The steam dragon is heavily wounded.
The fungus is engulfed in a cloud of scalding steam. x2
The steam dragon bites you.
* * * LOW HITPOINT WARNING * * *
The steam dragon misses you. The steam dragon breathes steam at you.
The ball of steam misses the steam dragon.
The ball of steam hits you!!
You die...

####...........#..........##
...............# .........#
...............# ......#.#
...............# #####...#
..........###### ### ##..#
#####.....# ###P≈## #..#
.###############P.P≈P. #..#
.≈P#######PPP.PP§§§..≈ #..#
..P≈≈≈≈.........@D§D.. #..#
.......PPPP.≈P..§P§...
#..##.....
^.P^^.P#########P≈...≈
#..##..... ######## ##P≈≈P≈
##.##..... # ##≈..#
#..##..... ##..#####.#
######### #.....)....
..÷.....# #.#........
........# #.#........


You could see a steam dragon.

Vanquished Creatures
  Edmund (D:4)
  An eye of draining (D:5)
  A phantom (D:5)
  An ogre (D:4)
  3 centaurs (D:5)
  A bullfrog (D:5)
  A water moccasin zombie (D:5)
  3 scorpions
  A howler monkey (D:4)
  2 hounds (D:4)
  Crazy Yiuf (D:2)
  An orc priest (D:5)
  3 orc wizards (D:4)
  A bullfrog skeleton (D:5)
  Natasha (thrice) (D:2)
  A worker ant (D:4)
  9 adders
  An ooze (D:2)
  2 adder skeletons (D:5)
  3 worms (D:3)
  2 dart slugs
  2 leopard geckos
  18 orcs
  A ball python (D:1)
  3 giant cockroaches
  10 hobgoblins
  7 jackals
  3 quokkas
  8 bats
  7 frilled lizards
  8 goblins
  9 kobolds
  7 rats
125 creatures vanquished.

Vanquished Creatures (others)
  348 foxfires
348 creatures vanquished.

Grand Total: 473 creatures vanquished

Notes
Turn   | Place    | Note
-------+----------+-------------------------------------------
     0 | D:1      | DerDa the Demonspawn Fire Elementalist began the quest for
                  | the Orb.
     0 | D:1      | Reached XP level 1. HP: 13/13 MP: 3/3
   227 | D:1      | Gained mutation: You are slightly more attuned to the
                  | shadows. [demonic ancestry]
   227 | D:1      | Reached XP level 2. HP: 19/19 MP: 3/5
  1120 | D:2      | Noticed Natasha
  1126 | D:2      | Killed Natasha
  1126 | D:2      | Gained mutation: When hurt, damage is shared between your
                  | health and your magic reserves. [demonic ancestry]
  1126 | D:2      | Reached XP level 3. HP: 12/24 MP: 1/6
  1331 | D:2      | Gained mutation: When seriously injured, your bleeding
                  | wounds create armour. (AC +6) [demonic ancestry]
  1331 | D:2      | Reached XP level 4. HP: 27/30 MP: 3/7
  1544 | D:2      | Noticed Natasha
  1554 | D:2      | Killed Natasha
  1554 | D:2      | Reached XP level 5. HP: 17/35 MP: 0/9
  1774 | D:2      | Found a runed translucent door,
  1775 | D:2      | Noticed Crazy Yiuf
  1985 | D:2      | Noticed Natasha
  1991 | D:2      | Killed Natasha
  2235 | D:2      | Learned a level 4 spell: Sticky Flame
  2241 | D:2      | Learned a level 5 spell: Fireball
  2774 | D:3      | Reached skill level 1 in Short Blades
  3090 | D:4      | Gained mutation: You are significantly more attuned to the
                  | shadows. [demonic ancestry]
  3090 | D:4      | Reached XP level 6. HP: 42/42 MP: 3/11
  3150 | D:4      | Noticed Edmund
  3195 | D:4      | Killed Edmund
  3203 | D:4      | Found Bogramp's Antique Armour Shoppe,
  3462 | D:4      | Gained mutation: You are completely attuned to the shadows.
                  | [demonic ancestry]
  3462 | D:4      | Reached XP level 7. HP: 47/47 MP: 2/13
  3589 | D:4      | Reached skill level 1 in Fighting
  3934 | D:2      | Killed Crazy Yiuf
  4019 | D:4      | Reached skill level 1 in Throwing
  4033 | D:4      | Reached skill level 5 in Fire Magic
  4128 | D:5      | Entered Level 5 of the Dungeon
  4195 | D:5      | Found a staircase to the Ecumenical Temple,
  4222 | Temple   | Entered the Ecumenical Temple
  4370 | Temple   | Became a worshipper of Sif Muna the Loreminder
  4550 | D:5      | Found Apluwium's Magic Scroll Boutique,
  4555 | D:5      | Bought a scroll of identify for 30 gold pieces
  4555 | D:5      | Bought a scroll of magic mapping for 52 gold pieces
  4555 | D:5      | Bought a scroll of teleportation for 45 gold pieces
  4671 | D:5      | Found a shadowy altar of Dithmenos,
  4725 | D:5      | Reached skill level 1 in Maces & Flails
  4785 | D:5      | Reached skill level 5 in Spellcasting
  4809 | D:5      | Reached XP level 8. HP: 36/54 MP: 5/15
  5004 | D:5      | Reached skill level 1 in Staves
  5421 | D:5      | Killed from afar by a steam dragon

Levels and vault maps discovered:
D:1:      dpeg_arrival_lava_temple_mockup, layout_loops_corners
D:2:      layout_basic, lemuel_another_geyser, uniq_crazy_yiuf_cottage,
          uniq_natasha
D:3:      layout_loops_cross, eino_curves_01
D:4:      layout_gridville, first_ration, serial_shops, shop, uniq_edmund
D:5:      kennysheep_steamy, layout_basic, grunt_dithmenos_shadows,
          minmay_temple_entry_arrows, serial_shops, nicolae_shop_statue_plus
Temple:   regret_index_temple_sigil_plot

Skill      XL: |  1  2  3  4  5  6  7  8 |
---------------+-------------------------+-----
Fire Magic     | 3 4 5 |  5.7
Dodging        | 2 |  2.5
Stealth        | 2 3 |  3.0
Spellcasting   | 3 4 5 |  5.5
Short Blades   | 1 |  1.1
Conjurations   | 2 3 4 |  4.5
Fighting       | 1 |  1.5
Throwing       | 1 |  1.1
Maces & Flails | 1 |  1.0
Staves         | 1 |  1.2

Action                   |  1- 3 |  4- 6 |  7- 9 || total
-------------------------+-------+-------+-------++-------
Melee: Unarmed           |    11 |       |       ||    11
       Short sword       |    14 |    23 |       ||    37
       Flail             |       |     6 |     7 ||    13
       Quarterstaff      |       |       |    28 ||    28
Throw: Dart              |     1 |     3 |     3 ||     7
 Cast: Foxfire           |    48 |   112 |    49 ||   209
       Sticky Flame      |       |     3 |    13 ||    16
       Fireball          |       |       |     1 ||     1
  Use: Scroll            |       |       |     4 ||     4
  Eat: Chunk             |     2 |     7 |     9 ||    18
Armor: Robe              |     5 |     7 |     6 ||    18
Dodge: Dodged            |    15 |    41 |    41 ||    97

Table legend:
 A = Non-vault XP
 B = Vault XP
 C = Vault XP percentage of total XP
 D = Non-vault monster count
 E = Vault monster count
 F = Vault count percentage of total count
                 A         B        C        D         E       F
            +---------+---------+-------+---------+---------+-------
      Total |    1698 |     367 |  17.8 |     121 |       4 |   3.2
            +---------+---------+-------+---------+---------+-------
        D:1 |      35 |       0 |   0.0 |      25 |       0 |   0.0
        D:2 |     162 |      76 |  31.9 |      25 |       2 |   7.4
        D:3 |      86 |       0 |   0.0 |      24 |       0 |   0.0
        D:4 |     511 |     164 |  24.3 |      26 |       1 |   3.7
        D:5 |     904 |     127 |  12.3 |      21 |       1 |   4.5
            +---------+---------+-------+---------+---------+-------
